 Dungeon Crawl Stone Soup version 0.31-a0-845-g9abc20d24f (webtiles) character file.

Game seed: 7874561428566205036

1909859 Flugkiller the Grim Reaper (level 26, 266/266 HPs)
             Began as a Hill Orc Artificer on Oct 2, 2023.
             Was an Initiate of Yredelemnul.
             Escaped with the Orb
             ... and 3 runes!
             The game lasted 01:37:52 (51771 turns).

Flugkiller the Grim Reaper (Hill Orc Artificer)    Turns: 51771, Time: 01:37:53

Health: 266/266    AC: 42    Str: 32      XL:     26   Next: 71%
Magic:  40/40      EV: 14    Int:  9      God:    Yredelemnul [......]
Gold:   2391       SH: 21    Dex: 10 (11) Spells: 25/25 levels left

rFire   + + +        b - +9 broad axe (freeze)
rCold   . . .        X - +2 tower shield
rNeg    . . .        O - +9 plate armour {rF+}
rPois   +            (helmet restricted)
rElec   .            Y - +2 cloak
rCorr   .            c - +1 pair of gloves "Tafrestant" {Drain rPois Str+7}
SInv    +            a - +2 pair of boots
Will    +....        Z - amulet of regeneration Stlth
                     v - +5 ring of evasion
HPRegen 1.44/turn    f - ring of protection from fire
MPRegen 0.27/turn

%: no passive effects
@: hasted, studying Summonings, very quick
A: horns 1, talons 1, see invisible, deterioration 2, dopey 1, fire resistance
1, weak 1
0: Orb of Zot
}: 3/15 runes: barnacled, silver, gossamer
a: Renounce Religion, Recall Undead Harvest


You escaped.
You worshipped Yredelemnul.
Yredelemnul was exalted by your worship.
You visited 9 branches of the dungeon, and saw 45 of its levels.
You visited the Abyss 1 time.
You visited 3 bazaars.
You also visited: Bailey and Gauntlet.

You collected 6515 gold pieces.
You spent 4124 gold pieces at shops.

Inventory:

Hand Weapons
 b - a +9 broad axe of freezing (weapon)
   (You took it off an orc warlord in a bailey)
Missiles
 e - 8 curare-tipped darts (quivered)
 s - 11 throwing nets
Armour
 a - a +2 pair of boots (worn)
   (You found it on level 1 of the Dungeon)
 c - the +1 pair of gloves "Tafrestant" (worn) {Drain rPois Str+7}
   (You bought it in a shop in a bazaar)

   Str+7:     It affects your strength (+7).
   rPois:     It protects you from poison Drain: It drains your maximum health
   when unequipped.
 H - the +18 shield of the Gong {Loud rN+ Will+ rCorr EV-5}
   (You found it in a Gauntlet)

   Loud:      It is deafeningly noisy when blocking attacks.
   EV-5:      It affects your evasion (-5).
   rN+:       It protects you from negative energy.
   Will+:     It increases your willpower.
   rCorr:     It protects you from acid and corrosion.
 O - a +9 plate armour of fire resistance (worn)
   (You found it on level 5 of the Vaults)
 U - a +2 helmet
   (You found it on level 15 of the Dungeon)
 X - a +2 tower shield (worn)
   (You took it off a draconian knight on level 1 of the Realm of Zot)
 Y - a +2 cloak (worn)
   (You took it off Maurice on level 9 of the Dungeon)
Jewellery
 f - a ring of protection from fire (right hand)
   (You found it on level 2 of the Shoals)
 m - a ring of willpower
   (You found it on level 3 of the Dungeon)
 p - a +4 ring of protection
   (You took it off an orc warrior on level 2 of the Orcish Mines)
 v - a +5 ring of evasion (left hand)
   (You took it off a yaktaur on level 12 of the Dungeon)
 E - a +5 ring of evasion
   (You took it off a tengu reaver on level 5 of the Vaults)
 S - the ring of Powesm {Fly Will+ Str-3 Dex+6 SInv}
   (You took it off a vault warden on level 5 of the Vaults)

   [ring of see invisible]

   Str-3:     It affects your strength (-3).
   Dex+6:     It affects your dexterity (+6).
   Will+:     It increases your willpower.
   SInv:      It lets you see invisible.
   Fly:       It grants you flight.
 Z - an amulet of regeneration (around neck)
   (You found it on level 2 of the Shoals)
Wands
 i - a wand of charming (41)
 K - a wand of mindburst (49)
   (You found it on level 2 of the Lair of Beasts)
 Q - a wand of acid (17)
   (You found it on level 3 of the Lair of Beasts)
 R - a wand of digging (11)
   (You found it on level 9 of the Dungeon)
 W - a wand of iceblast (9)
   (You found it on level 1 of the Shoals)
Scrolls
 g - 3 scrolls of summoning
 t - 18 scrolls of teleportation
 u - 7 scrolls of vulnerability
 x - 10 scrolls of immolation
 y - 14 scrolls of fog
 z - a scroll of blinking
 L - 6 scrolls of fear
 M - 3 scrolls of poison
 P - 6 scrolls of revelation
 T - 3 scrolls of silence
Potions
 d - 4 potions of might
 k - 4 potions of invisibility
 l - 5 potions of mutation
 n - 3 potions of resistance
 o - a potion of enlightenment
 q - 13 potions of curing
 B - 8 potions of attraction
 C - 4 potions of lignification
 F - 6 potions of brilliance
 I - 3 potions of berserk rage
 J - 3 potions of ambrosia
 N - 3 potions of magic
Miscellaneous
 j - a box of beasts
   (You found it on level 4 of the Shoals)
 r - a phantom mirror
   (You found it on level 5 of the Vaults)
 D - a condenser vane
   (You found it on level 12 of the Dungeon)


   Skills:
 O Level 27 Fighting
 - Level 17.2(18.4) Axes
 - Level 9.4(13.2) Polearms
 + Level 26.3 Armour
 - Level 0.7 Dodging
 - Level 0.7 Stealth
 - Level 17.3 Shields
 O Level 27 Invocations
 - Level 14.0 Evocations


You had 25 spell levels left.
You didn't know any spells.
Your spell library contained the following spells:

 Spells                   Type           Power      Damage    Failure   Level
 Apportation              Tloc           0%         N/A       88%         1
 Freeze                   Ice            0%         1d3       88%         1
 Magic Dart               Conj           0%         1d3       88%         1
 Call Imp                 Summ           0%         N/A       96%         2
 Cigotuvi's Dreadful Rot  Necr/Pois/Air  0%         N/A       96%         2
 Ensorcelled Hibernation  Hex/Ice        0%         N/A       96%         2
 Jinxbite                 Hex            0%         N/A       96%         2
 Lesser Beckoning         Tloc           0%         N/A       96%         2
 Poisonous Vapours        Pois/Air       0%         N/A       96%         2
 Scorch                   Fire           0%         2d5       96%         2
 Sublimation of Blood     Necr           0%         N/A       96%         2
 Call Canine Familiar     Summ           0%         N/A       99%         3
 Dazzling Flash           Conj/Hex       0%         N/A       99%         3
 Frozen Ramparts          Ice            0%         1d1       99%         3
 Gell's Gravitas          Tloc           0%         N/A       99%         3
 Hailstorm                Conj/Ice       0%         3d3       99%         3
 Ignite Poison            Fire/Tmut/Pois 0%         N/A       99%         3
 Inner Flame              Hex/Fire       0%         N/A       99%         3
 Mephitic Cloud           Conj/Pois/Air  0%         N/A       99%         3
 Sigil of Binding         Hex            0%         N/A       99%         3
 Teleport Other           Tloc           0%         N/A       99%         3
 Tukima's Dance           Hex            0%         N/A       99%         3
 Volatile Blastmotes      Fire/Tloc      0%         2d10      99%         3
 Anguish                  Hex/Necr       0%         N/A       100%        4
 Animate Armour           Summ/Erth      0%         N/A       100%        4
 Cause Fear               Hex            0%         N/A       100%        4
 Dimensional Bullseye     Hex/Tloc       0%         N/A       100%        4
 Leda's Liquefaction      Hex/Erth       0%         N/A       100%        4
 Passage of Golubria      Tloc           0%         N/A       100%        4
 Petrify                  Tmut/Erth      0%         N/A       100%        4
 Summon Ice Beast         Ice/Summ       0%         N/A       100%        4
 Summon Lightning Spire   Summ/Air       0%         N/A       100%        4
 Vhi's Electric Charge    Tloc/Air       0%         N/A       100%        4
 Alistair's Intoxication  Tmut/Pois      0%         N/A       100%        5
 Arcjolt                  Conj/Air       0%         1d10      100%        5
 Borgnjor's Vile Clutch   Necr/Erth      0%         N/A       100%        5
 Freezing Cloud           Conj/Ice/Air   0%         6-21      100%        5
 Irradiate                Conj/Tmut      0%         3d11      100%        5
 Lee's Rapid Deconstruct  Erth           0%         3d4*      100%        5
 Silence                  Hex/Air        0%         N/A       100%        5
 Summon Mana Viper        Hex/Summ       0%         N/A       100%        5
 Yara's Violent Unravell  Hex/Tmut       0%         3d3       100%        5
 Bombard                  Conj/Erth      0%         9d1       100%        6
 Dispersal                Tloc           0%         N/A       100%        6
 Plasma Beam              Fire/Air       0%         2x1d10    100%        6
 Starburst                Conj/Fire      0%         6d3       100%        6
 Enfeeble                 Hex            0%         N/A       100%        7
 Monstrous Menagerie      Summ           0%         N/A       100%        7
 Lehudib's Crystal Spear  Conj/Erth      0%         10d2      100%        8
 Maxwell's Capacitive Co  Air            0%         ∞         100%        8
 Animate Dead             Necr           Unusable   N/A       N/A         4
 Death Channel            Necr           Unusable   N/A       N/A         6

Dungeon Overview and Level Annotations

Branches:
Dungeon (15/15)            Temple (1/1) D:4            Lair (5/5) D:8
 Shoals (4/4) Lair:2       Spider (4/4) Lair:3        Slime (0/5) Lair:5
    Orc (2/2) D:10            Elf (0/3) Orc:2        Vaults (5/5) D:14
  Crypt (0/3) Vaults:2     Depths (4/4) D:15            Zot (5/5) Depths:4
 Bailey (visited)         Gauntlet (visited)

Altars:
Ashenzari
Cheibriados
Dithmenos
Elyvilon
Fedhas
Gozag
Hepliaklqana
Kikubaaqudgha
Makhleb
Nemelex Xobeh
Okawaru
Qazlal
Ru
Sif Muna
Trog
Uskayaw
Vehumet
Wu Jian
Xom
Yredelemnul
Zin
The Shining One
Beogh
Jiyva
Lugonu

Shops:
D:12 (   Orc:2 **?[   Vaults:2 *   Vaults:5 *

Portals:
Hell: Depths:1 Depths:2 Depths:3 Depths:4
Abyss: Depths:2 Depths:3
Pandemonium: Depths:2
Ziggurat: Depths:4

Annotations:
D:15 2 transporters, Kaerphakk's ghost, adept DjCj
Lair:3 3 runed translucent doors, FortyThree's ghost, journeyman OpSh
Lair:5 3 runed translucent doors, Ucobeodgho's ghost, journeyman GrEE
Spider:4 3 runed translucent doors, Humorgho's ghost, journeyman MiBe
Zot:1 exclusions: lightning spire and 2 oklob plants


Innate Abilities, Weirdness & Mutations

You have a pair of small horns on your head.
You have sharp toenails.
You have supernaturally acute eyesight. (SInv)
Your body often deteriorates upon taking damage.
You are dopey. (Int -2)
Your flesh is heat resistant. (rF+)
You are weak. (Str -2)


Message History

There is a stone staircase leading down here.
There is a stone staircase leading up here.
You climb upwards.
There is a stone staircase leading down here.
There is a stone staircase leading up here.
You climb upwards.
There is a stone staircase leading down here.
There is a stone staircase leading up here.
You climb upwards.
There is a stone staircase leading down here.
There is a stone staircase leading up here.
You climb upwards.
There is a stone staircase leading down here. 3 hell hogs come into view.
The hell hog squeals angrily. x3
Unknown command.
Unknown command.
You feel yourself speed up.
You slash the hell hog! You freeze the hell hog. You headbutt the hell hog.
The hell hog is moderately wounded.
You slash the hell hog! You freeze the hell hog. You headbutt the hell hog.
The hell hog is severely wounded.
The hell hog bites you.
You slash the hell hog! You freeze the hell hog.
Your headbutt misses the hell hog.
The hell hog is almost dead.
The hell hog breathes fire at you.
The fireball explodes!
The fireball engulfs the hell hog.
The hell hog completely resists.
The fireball engulfs you. You resist. The hell hog breathes fire at you.
The fireball explodes!
The fireball engulfs the hell hog.
The hell hog completely resists.
The fireball engulfs you but does no damage.
The hell hog breathes fire at you.
The fireball explodes!
The fireball engulfs you. You resist.
The fireball engulfs the hell hog.
The hell hog completely resists.
You slice the hell hog!! You freeze the hell hog.
You kill the hell hog!
The hell hog completely misses you. The hell hog closely misses you.
You hit the hell hog. You freeze the hell hog.
Your headbutt misses the hell hog.
The hell hog is lightly wounded.
You slash the hell hog! You freeze the hell hog.
The hell hog breathes fire at you.
The fireball explodes!
The fireball engulfs you. You resist.
The fireball engulfs the hell hog.
The hell hog completely resists.
The fireball engulfs the hell hog.
The hell hog completely resists.
You block the hell hog's attack.
A hell hog comes into view.
You carve the hell hog like the proverbial ham!!!
You freeze the hell hog!
You kill the hell hog!
You slice the hell hog!! You freeze the hell hog.
The dead are walking!
You slash the hell hog! You freeze the hell hog!
Your headbutt misses the hell hog.
The hell hog is almost dead.
You block the hell hog's attack. The hell hog breathes fire at you.
The fireball explodes!
The fireball engulfs you. You resist.
The fireball engulfs the hell hog.
The hell hog completely resists.
You hit the hell hog. You freeze the hell hog.
You headbutt the hell hog, but do no damage.
The hell hog is almost dead.
The hell hog breathes fire at you.
The fireball explodes!
The fireball engulfs you. You resist.
The fireball engulfs the hell hog.
The hell hog completely resists.
Your hell hog zombie bites the hell hog.
The hell hog bites your hell hog zombie!
You slice the hell hog!! You freeze the hell hog.
You kill the hell hog!
The dead are walking!
You can now trade souls for undead servants.
You slice the hell hog!! You freeze the hell hog! You headbutt the hell hog!
The hell hog is almost dead.
Your hell hog zombie bites the hell hog.
The hell hog dies!
No target in view!
No target in view!
Yredelemnul sends a servant to aid you.
Yredelemnul accepts your bounty of souls!
You can no longer trade souls for undead servants.
You see here a +0 dagger.
An Orb Guardian comes into view.
You block the Orb Guardian's attack.
You slice the Orb Guardian!! You freeze the Orb Guardian.
The Orb Guardian is heavily wounded.
You barely miss the Orb Guardian. You headbutt the Orb Guardian!
The Orb Guardian is heavily wounded.
The Orb Guardian hits you but does no damage.
You slice the Orb Guardian!! You freeze the Orb Guardian.
Your headbutt misses the Orb Guardian.
The Orb Guardian is almost dead.
You block the Orb Guardian's attack.
You slash the Orb Guardian! You freeze the Orb Guardian.
You kill the Orb Guardian!
No target in view!
There is an open door here.
There is a staircase leading out of the dungeon here.
Enter note: gg You have escaped!

........###....#.###...###.#.....
....###.##..####.#..n....#.######
....# #.>..## #.#.⌠.#.⌠.#.# ....#
##.### #.....#.....# ....# #.#
#....###....# ....# #.#
####..#..#### ....# #.#
#..'..)..'..# ....# #.#
#..###'###..# ....# #.#
#@.#.....#..# ....# #.#
############# ....# #.# ....# #.#
....# #.# ....# #.# ###########
##### #.# #.......... #.#
#.######### #.# #.#


There were no monsters in sight!

Vanquished Creatures
  2 dread liches
  3 orbs of fire
  2 ancient liches
  Sojobo (Vaults:5)
  Bai Suzhen (Shoals:3)
  6 Killer Klowns
  A caustic shrike (Depths:4)
  A curse toe (Zot:3)
  3 golden dragons
  Nikola (Shoals:1)
  A profane servitor (Zot:4)
  An electric golem (Zot:5)
  16 Orb Guardians
  Rupert (D:12)
  14 tentacled monstrosities
  2 titans
  3 quicksilver dragons
  A walking divine tome (Depths:3)
  A kraken (Shoals:3)
  A sphinx (Vaults:5)
  Frances (D:14)
  3 death cobs
  A tentacled starspawn (Abyss:2)
  5 shadow dragons
  4 tengu reavers (Vaults:5)
  Donald (Vaults:1)
  4 draconian monks
  11 storm dragons
  6 draconian knights
  4 frost giants
  5 fire giants
  5 ghost moths
  2 iron dragons
  Louise (Lair:2)
  21 vault wardens
  8 draconian scorchers
  A deep elf sorcerer (Vaults:5)
  5 draconian shifters
  4 broodmothers (Spider:4)
  A juggernaut zombie (Depths:1)
  15 ironbound preservers
  5 draconian stormcallers
  2 war gargoyles
  3 orc warlords
  4 formless jellyfish
  9 draconian annihilators
  4 ironbound thunderhulks (Vaults:4)
  11 stone giants
  5 very ugly things
  14 red draconians
  8 green draconians
  9 black draconians
  A deep elf demonologist (Vaults:5)
  12 yellow draconians
  A minotaur (Gauntlet)
  8 white draconians
  3 spark wasps
  9 purple draconians
  A deep elf annihilator (Vaults:5)
  12 dire elephants
  3 crystal guardians (Vaults:3)
  6 ettins
  5 fire dragons
  10 yaktaur captains
  6 merfolk impalers
  Josephine (D:11)
  4 jiangshi (Depths:2)
  An entropy weaver (Spider:3)
  A merfolk javelineer (Shoals:3)
  6 great orbs of eyes
  2 deep elf high priests
  27 vault guards
  A hell beast (Depths:1)
  A great orb of eyes (shapeshifter) (D:9)
  A hydra (Lair:4)
  4 ice dragons
  A peacekeeper (Vaults:3)
  7 ironbound frosthearts
  An ogre mage (D:12)
  An alligator snapping turtle (Shoals:4)
  A two-headed ogre (shapeshifter) (Depths:2)
  2 spriggan air magi
  11 centaur warriors
  An anaconda (shapeshifter) (Depths:2)
  A merfolk avatar (Lair:5)
  2 satyrs (Shoals:2)
  A tengu warrior (Depths:1)
  A merfolk aquamancer (Shoals:3)
  5 two-headed ogres
  4 boulder beetles
  8 demonic crawlers
  An orc high priest (Orc:2)
  A satyr (shapeshifter) (Depths:2)
  4 deep troll earth magi
  3 hell hogs (D:1)
  A sphinx skeleton (Vaults:2)
  A vampire mage (Depths:2)
  3 death yaks
  3 sun demons (Depths:1)
  2 spriggan berserkers (Depths:3)
  A soul eater (D:11)
  4 skysharks
  Sonja (Lair:2)
  7 skeletal warriors
  3 hell knights (Vaults:5)
  An iron troll (Depths:4)
  2 pharaoh ants
  4 large abominations (Abyss:2)
  2 sea snakes
  A sun moth (Spider:4)
  22 deep trolls
  A kraken simulacrum (Shoals:4)
  A flayed ghost (D:12)
  2 orb spiders (Spider:4)
  3 lindwurms
  2 necromancers (Vaults:5)
  A harpy (shapeshifter) (Depths:2)
  An orange crystal statue (Zot:1)
  6 wizards
  11 ironbound convokers
  17 harpies
  3 steelbarb worms (Spider:2)
  2 deep elf pyromancers
  5 phantasmal warriors
  29 ugly things
  A fire giant zombie (Depths:1)
  A shining eye (Depths:1)
  9 orc knights
  6 orc sorcerers
  10 wolf spiders
  4 cyclopes
  12 fauns
  11 manticores
  18 moths of wrath
  Maurice (D:9)
  10 elephants
  8 vault sentinels
  A worldbinder (Abyss:2)
  A toenail golem (D:15)
  2 merfolk sirens (Shoals:4)
  A rust devil (D:15)
  3 smoke demons
  3 torpor snails
  2 water nymphs
  An eye of devastation (shapeshifter) (D:13)
  A stone giant skeleton (Vaults:2)
  4 gargoyles
  Maggie (D:9)
  9 cane toads
  3 rime drakes
  A hellion (Abyss:2)
  2 minotaur zombies (Gauntlet)
  2 efreet
  A freezing wraith (Vaults:5)
  16 yaktaurs
  A kobold demonologist (D:12)
  An ancient zyme (Abyss:2)
  A yaktaur skeleton (Vaults:2)
  8 trolls
  4 komodo dragons
  A silent spectre (Abyss:2)
  A tengu conjurer (D:14)
  3 polar bears
  7 wind drakes
  13 merfolk
  2 hornets
  16 tarantellas
  A polar bear (shapeshifter) (Depths:2)
  2 snapping turtles
  15 dream sheep
  Prince Ribbit (D:7)
  20 blink frogs
  8 shadows
  23 slime creatures
  7 wyverns
  A ynoxinul (Gauntlet)
  2 ettin skeletons (Vaults:2)
  15 jumping spiders
  12 culicivoras
  5 water elementals
  34 yaks
  A basilisk (D:13)
  8 wraiths
  40 redbacks
  2 chaos spawn (Abyss:2)
  4 steam dragons
  7 vampire mosquitoes
  4 wargs
  5 small abominations (Abyss:2)
  13 water moccasins
  A floating eye (shapeshifter) (Depths:4)
  An ogre skeleton (Vaults:2)
  2 acid dragons
  A floating eye (Depths:2)
  48 orc warriors
  An ice beast (D:6)
  2 sky beasts
  2 black bears (D:8)
  9 ogres
  3 boggarts (Vaults:2)
  10 centaurs
  3 human skeletons (Vaults:2)
  A phantom (D:6)
  2 kobold brigands
  6 bullfrogs
  2 gnoll sergeants
  2 scorpions (D:5)
  6 wights
  4 killer bees (D:9)
  6 howler monkeys
  4 electric eels
  2 jellies
  2 quasits (Abyss:2)
  A hound (D:7)
  3 iron imps
  32 orc priests
  6 iguanas
  A hell rat (Lair:5)
  19 orc wizards
  Terence (D:3)
  4 sleepcaps
  14 gnolls
  6 adders
  A white imp (Abyss:2)
  An ufetubus (D:6)
  3 dart slugs (D:1)
  91 orcs
  8 ball pythons
  6 endoplasms
  3 giant cockroaches
  24 goblins
  12 hobgoblins
  3 jackals (D:2)
  4 quokkas
  2 bats (D:1)
  2 frilled lizards
  15 kobolds
  A rat (D:3)
  6 spectral weapons
  A starspawn tentacle (Abyss:2)
  3 tentacles
1394 creatures vanquished.

Vanquished Creatures (collateral kills)
  An ancient lich (Vaults:5)
  2 orbs of fire
  3 Killer Klowns (Zot:5)
  A curse toe (Zot:4)
  3 caustic shrikes
  5 golden dragons
  Norris (Depths:3)
  An electric golem (Zot:5)
  8 tentacled monstrosities
  Jorgrun (D:14)
  7 Orb Guardians (Zot:5)
  5 quicksilver dragons
  Agnes (D:14)
  4 tengu reavers
  Polyphemus (Shoals:3)
  4 shadow dragons
  3 storm dragons
  2 draconian monks
  A draconian knight (Zot:5)
  Aizul (Spider:2)
  2 emperor scorpions
  A ghost moth (Zot:1)
  2 draconian shifters
  10 vault wardens
  A draconian scorcher (Zot:1)
  2 frost giants
  2 fire giants
  An orc warlord (Vaults:4)
  3 broodmothers
  5 draconian annihilators
  A formless jellyfish (Shoals:3)
  6 ironbound preservers
  6 very ugly things
  5 stone giants
  An ironbound thunderhulk (Vaults:1)
  A vampire knight (Depths:1)
  5 white draconians
  A black draconian (Zot:1)
  Nessos (Lair:5)
  6 spark wasps
  3 green draconians
  4 red draconians
  3 purple draconians
  4 yellow draconians
  6 dire elephants
  5 merfolk impalers (Shoals:4)
  Snorg (D:14)
  5 fire dragons
  3 ettins
  2 merfolk javelineers
  Harold (D:10)
  5 vault guards
  A deep elf high priest (Vaults:5)
  6 yaktaur captains
  3 entropy weavers
  3 great orbs of eyes
  Fannar (D:11)
  2 spriggan air magi (Depths:4)
  4 ice dragons
  4 ironbound frosthearts
  A sphinx zombie (Depths:1)
  2 hydras
  A peacekeeper (Vaults:3)
  5 centaur warriors
  A catoblepas (Shoals:3)
  An ogre mage (Vaults:5)
  A merfolk aquamancer (Shoals:3)
  A merfolk avatar (Shoals:4)
  2 radroaches
  2 two-headed ogres
  A two-headed ogre (shapeshifter) (Depths:2)
  A satyr (Shoals:4)
  An alligator snapping turtle (Shoals:4)
  4 boulder beetles
  A deep troll earth mage (Depths:4)
  A vampire mage (Depths:2)
  3 tengu warriors
  6 demonic crawlers
  3 spriggan berserkers
  4 sun demons (Depths:1)
  6 death yaks
  A hell hog (D:1)
  A thrashing horror (Abyss:2)
  2 deep elf knights
  3 orc high priests (Orc:2)
  2 hell knights (Vaults:5)
  3 pharaoh ants
  3 skysharks
  2 skeletal warriors (Vaults:2)
  6 sea snakes
  12 deep trolls
  5 orb spiders
  2 sun moths
  A spriggan rider (Depths:4)
  10 ironbound convokers
  4 wizards
  A tengu zombie (Depths:1)
  A necromancer (Depths:1)
  A deep elf pyromancer (D:12)
  3 phantasmal warriors
  9 harpies
  3 lindwurms
  2 tengu skeletons
  2 steelbarb worms (Spider:4)
  2 orc knights
  7 wolf spiders
  A wolf spider (shapeshifter) (Depths:1)
  19 ugly things
  5 manticores
  A frost giant skeleton (Vaults:2)
  2 stone giant skeletons (Vaults:2)
  11 fauns
  6 merfolk sirens
  5 cyclopes
  9 elephants
  8 moths of wrath
  A black mamba (Lair:2)
  4 torpor snails
  2 water nymphs (Shoals:4)
  5 cane toads
  A gargoyle (D:12)
  9 yaktaurs
  7 vault sentinels
  A smoke demon (Abyss:2)
  A freezing wraith (Abyss:2)
  A tengu conjurer (Depths:4)
  5 komodo dragons
  2 efreet
  A polar bear (Lair:4)
  2 wind drakes
  2 trolls
  2 hornets
  10 tarantellas
  9 merfolk
  12 blink frogs
  7 snapping turtles
  5 dream sheep
  6 culicivoras
  A shadow (Gauntlet)
  A spriggan (Depths:4)
  12 slime creatures
  2 vampires
  14 jumping spiders
  A wyvern (Lair:5)
  An ettin skeleton (Vaults:2)
  A wraith (D:11)
  6 water elementals
  2 vampire mosquitoes (D:13)
  10 yaks
  A ynoxinul (Abyss:2)
  2 basilisks
  A chaos spawn (Abyss:2)
  26 redbacks
  A warg (Vaults:5)
  2 acid dragons
  A glowing shapeshifter skeleton (Vaults:2)
  9 orc warriors
  A boggart (Vaults:2)
  A tengu (shapeshifter) (Depths:2)
  3 ogres
  9 centaurs
  A small abomination (Abyss:2)
  2 bullfrogs
  4 wights (D:7)
  5 electric eels
  6 orc priests
  6 orc wizards
  4 hell rats (Lair:5)
  4 gnolls
  2 adders
  19 orcs
  2 goblins (Bailey)
  A hobgoblin (Bailey)
  2 kobolds
647 creatures vanquished.

Vanquished Creatures (others)
  2 storm dragons
  A spectral titan (Zot:2)
  2 draconian knights
  2 caustic shrike zombies
  4 spectral tentacled monstrosities
  A spectral tengu (Depths:4)
  A spectral draconian (Zot:3)
  A spectral quicksilver dragon (Zot:3)
  2 green draconians
  A red draconian (Zot:2)
  2 purple draconians
  A spectral Orb Guardian (Zot:5)
  A spectral orc (Spider:1)
  A jiangshi (Depths:2)
  A quicksilver dragon zombie (Zot:2)
  A vault guard (Vaults:5)
  6 Orb Guardian zombies (Zot:5)
  2 storm dragon zombies (Zot:2)
  A golden dragon zombie (Zot:5)
  3 ugly thing zombies
  A necromancer (Vaults:5)
  A broodmother zombie (Spider:1)
  A tengu zombie (Vaults:5)
  3 wolf spider zombies
  6 draconian zombies
  A fire giant zombie (Vaults:5)
  2 stone giant zombies
  2 frost giant zombies
  3 dire elephant zombies
  A formless jellyfish zombie (Shoals:3)
  A torpor snail (Spider:1)
  An orb spider zombie (Spider:1)
  2 purple draconian zombies
  2 red draconian zombies
  A green draconian zombie (Zot:4)
  A yellow draconian zombie (Zot:3)
  9 redback zombies
  2 white draconian zombies (Zot:2)
  2 black draconian zombies
  A steelbarb worm zombie (Spider:2)
  6 harpy zombies
  6 moth of wrath zombies
  3 jumping spider zombies (Spider:1)
  A demonic crawler zombie (Spider:1)
  A tarantella zombie (Spider:1)
  2 sun moth zombies
  An ettin zombie (Vaults:5)
  An ice dragon zombie (Depths:4)
  2 culicivora zombies
  A great orb of eyes zombie (Vaults:4)
  A wind drake zombie (Shoals:3)
  A slime creature zombie (D:12)
  A spriggan zombie (Depths:4)
  A faun zombie (Shoals:2)
  A two-headed ogre zombie (D:9)
  2 merfolk zombies (Shoals:3)
  A water nymph zombie (Shoals:1)
  5 deep troll zombies
  A spectral smoke demon (Abyss:2)
  A dream sheep zombie (Shoals:3)
  An orc warrior (Bailey)
  3 elf zombies
  An elephant zombie (Lair:5)
  29 human zombies
  2 manticore zombies
  2 boggarts (Vaults:2)
  A spectral ynoxinul (Gauntlet)
  A torpor snail zombie (Spider:1)
  4 yaktaur zombies
  A komodo dragon zombie (Lair:1)
  A wyvern zombie (D:8)
  A water moccasin zombie (Lair:1)
  A warg zombie (Vaults:5)
  A cyclops zombie (Shoals:3)
  2 yak zombies (D:12)
  2 bullfrog zombies
  6 centaur zombies
  A black bear zombie (D:8)
  An orc priest (Orc:2)
  An orc wizard (D:6)
  A killer bee zombie (D:9)
  An acid dragon zombie (D:12)
  2 ogre zombies
  2 howler monkey zombies
  An iguana zombie (D:5)
  A jelly zombie (D:6)
  A spectral iron imp (Abyss:2)
  An adder zombie (D:6)
  3 gnoll zombies
  5 goblin zombies (Bailey)
  4 hobgoblin zombies (Bailey)
  4 kobold zombies
  57 orc zombies
  A spectral ufetubus (D:6)
  A lurking horror (Abyss:2)
  A starspawn tentacle (Abyss:2)
  16 tentacles
282 creatures vanquished.

Grand Total: 2323 creatures vanquished

Notes
Turn   | Place    | Note
-------+----------+-------------------------------------------
     0 | D:1      | Flugkiller the Hill Orc Artificer began the quest for the
                  | Orb.
     0 | D:1      | Reached XP level 1. HP: 16/16 MP: 1/1
   122 | D:1      | Reached XP level 2. HP: 19/25 MP: 2/2
   373 | D:1      | Found a faded altar of an unknown god.
   389 | D:1      | Reached XP level 3. HP: 31/31 MP: 3/3
   839 | D:2      | Reached skill level 1 in Polearms
  1107 | D:2      | Reached XP level 4. HP: 37/40 MP: 4/4
  1161 | D:2      | Found a glowing golden altar of the Shining One.
  1496 | D:3      | Noticed Terence
  1511 | D:3      | Killed Terence
  1552 | D:3      | Found a radiant altar of Vehumet.
  1610 | D:3      | Reached XP level 5. HP: 42/46 MP: 5/5
  2159 | D:4      | Found a sparkling altar of Nemelex Xobeh.
  2540 | D:4      | Found a staircase to the Ecumenical Temple.
  2563 | Temple   | Entered the Ecumenical Temple
  2643 | Temple   | Became a worshipper of Yredelemnul the Dark
  3069 | D:4      | You fall into a shaft and drop 2 floors!
  3074 | D:6      | Noticed an ogre
  3077 | D:5      | Entered Level 5 of the Dungeon
  3142 | D:5      | Reached skill level 1 in Invocations
  3183 | D:5      | Reached XP level 6. HP: 52/52 MP: 6/6
  3230 | D:5      | Reached skill level 5 in Polearms
  3266 | D:5      | Reached * piety under Yredelemnul
  3463 | D:5      | Found a stormy altar of Qazlal.
  3464 | D:5      | Found a snail-covered altar of Cheibriados.
  3554 | D:5      | Reached XP level 7. HP: 58/59 MP: 7/9
  3670 | D:5      | Reached ** piety under Yredelemnul
  4450 | D:6      | Found a glowing golden altar of the Shining One.
  4462 | D:6      | Noticed a steam dragon
  4644 | D:6      | Reached XP level 8. HP: 54/67 MP: 7/11
  4683 | D:6      | Reached skill level 5 in Invocations
  4712 | D:6      | Reached skill level 5 in Fighting
  5245 | D:6      | Reached XP level 9. HP: 69/75 MP: 13/13
  5353 | D:6      | Reached skill level 5 in Armour
  5666 | D:7      | Noticed Prince Ribbit
  5677 | D:7      | Killed Prince Ribbit
  6117 | D:7      | Your ally Prince Ribbit died
  6699 | D:8      | Found a flagged portal.
  6712 | Bailey   | Entered a bailey
  6827 | Bailey   | Reached XP level 10. HP: 66/88 MP: 12/14
  7305 | Bailey   | Noticed an orc warlord
  7335 | Bailey   | Killed an orc warlord
  7336 | Bailey   | Reached skill level 10 in Fighting
  7527 | D:8      | Noticed a two-headed ogre
  7679 | D:8      | Found a staircase to the Lair.
  7987 | D:8      | Killed a two-headed ogre
  8634 | D:9      | Noticed a skeletal warrior
  8934 | D:9      | Noticed a two-headed ogre
  8950 | D:9      | Reached XP level 11. HP: 89/99 MP: 13/15
  8964 | D:9      | Killed a two-headed ogre
  9229 | D:9      | Noticed Maurice
  9240 | D:9      | Maurice stole a +1 war axe of freezing
  9256 | D:9      | Killed Maurice
  9257 | D:9      | Reached skill level 10 in Axes
  9280 | D:9      | Noticed a goliath frog
  9289 | D:9      | Noticed a spark wasp
  9309 | D:9      | Noticed Maggie
  9318 | D:9      | Killed Maggie
  9416 | D:9      | Identified the +5 scale mail of Immorality {*Slow rC++ SInv
                  | Stlth+}
  9580 | D:10     | Entered Level 10 of the Dungeon
  9809 | D:10     | Paralysed by a hornet for 3 turns
  9827 | D:10     | Noticed Harold
  9843 | D:10     | Killed Harold
  9879 | D:10     | Found a staircase to the Orcish Mines.
 10500 | D:11     | Reached *** piety under Yredelemnul
 10535 | D:11     | Noticed a two-headed ogre
 10539 | D:11     | Killed a two-headed ogre
 10556 | D:11     | Found a sparkling altar of Nemelex Xobeh.
 10558 | D:11     | Found a hide-covered altar of Uskayaw.
 10558 | D:11     | Found a radiant altar of Vehumet.
 10603 | D:11     | Noticed Fannar
 10613 | D:11     | Killed Fannar
 10768 | D:11     | Noticed a manticore
 10775 | D:11     | Killed a manticore
 10951 | D:11     | Found a basalt altar of Yredelemnul.
 10951 | D:11     | Found a glowing golden altar of the Shining One.
 10951 | D:11     | Found a shimmering altar of Xom.
 11039 | D:11     | Noticed Josephine
 11053 | D:11     | Killed Josephine
 11054 | D:11     | Reached XP level 12. HP: 78/108 MP: 12/17
 11373 | Lair:1   | Entered Level 1 of the Lair of Beasts
 11411 | Lair:1   | Reached **** piety under Yredelemnul
 11413 | Lair:1   | Reached ***** piety under Yredelemnul
 11461 | Lair:1   | Noticed a death yak
 11462 | Lair:1   | Noticed a death yak
 11462 | Lair:1   | Noticed a death yak
 11463 | Lair:1   | Noticed a death yak
 11464 | Lair:1   | Noticed a death yak
 11472 | Lair:1   | Killed a death yak
 11473 | Lair:1   | Killed a death yak
 11474 | Lair:1   | Killed a death yak
 11481 | Lair:1   | Killed a death yak
 11486 | Lair:1   | Killed a death yak
 11487 | Lair:1   | Reached skill level 10 in Armour
 12087 | Lair:2   | Noticed Sonja
 12091 | Lair:2   | Killed Sonja
 12123 | Lair:2   | Reached skill level 10 in Invocations
 12178 | Lair:2   | Identified the ring of Kejix {Fire rN+}
 12189 | Lair:2   | Noticed a death yak
 12197 | Lair:2   | Killed a death yak
 12198 | Lair:2   | Reached XP level 13. HP: 71/119 MP: 18/20
 12771 | Lair:2   | Found a staircase to the Shoals.
 12973 | Lair:3   | Found a gate leading to a gauntlet.
 12979 | Gauntlet | Entered a Gauntlet
 12979 | Gauntlet | Found a transporter.
 12979 | Gauntlet | Found a transporter.
 12979 | Gauntlet | Found a runed translucent door.
 12991 | Gauntlet | Found a transporter.
 12992 | Gauntlet | Found a transporter.
 13002 | Gauntlet | Found a transporter.
 13003 | Gauntlet | Found a transporter.
 13011 | Gauntlet | Found a transporter.
 13028 | Gauntlet | Found a transporter.
 13042 | Gauntlet | Found a transporter.
 13046 | Gauntlet | Found a transporter.
 13050 | Gauntlet | Noticed a cacodemon
 13054 | Gauntlet | Found a transporter.
 13058 | Gauntlet | Found a transporter.
 13062 | Gauntlet | Found a runed translucent door.
 13223 | Gauntlet | Identified the ring of Ru's Inspiration {Fire rCorr Int+3
                  | Stlth+}
 13246 | Gauntlet | Reached skill level 15 in Axes
 13298 | Gauntlet | Identified the +0 pair of gloves of Conscience {Int+5
                  | Dex+3}
 13402 | Gauntlet | Reached XP level 14. HP: 127/127 MP: 22/22
 13405 | Gauntlet | Found the +18 shield of the Gong {Loud rN+ Will+ rCorr
                  | EV-5}
 13405 | Gauntlet | Identified the ring of Lexacwid {Drain rPois rF- Int+7
                  | Dex+6}
 13680 | Lair:3   | Reached skill level 1 in Shields
 13693 | Lair:3   | Found a hole to the Spider Nest.
 14073 | Lair:3   | Found a runed translucent gate.
 14073 | Lair:3   | Found a runed translucent gate.
 14074 | Lair:3   | Noticed FortyThree's ghost (journeyman OpSh)
 14075 | Lair:3   | Found a runed translucent gate.
 14346 | Lair:3   | Reached skill level 5 in Shields
 16038 | Lair:5   | Entered Level 5 of the Lair of Beasts
 16058 | Lair:5   | Reached XP level 15. HP: 100/135 MP: 19/23
 16067 | Lair:5   | Found a runed translucent gate.
 16067 | Lair:5   | Found a runed translucent gate.
 16070 | Lair:5   | Found a runed translucent gate.
 16078 | Lair:5   | Reached skill level 10 in Shields
 16090 | Lair:5   | Noticed Ucobeodgho's ghost (journeyman GrEE)
 16236 | Lair:5   | Noticed Nessos
 16241 | Lair:5   | Killed Nessos
 16565 | Lair:5   | Identified the +2 trident of the Eel {holy, rF+ SInv}
 16779 | Lair:5   | Found a viscous altar of Jiyva.
 16779 | Lair:5   | Found a staircase to the Slime Pits.
 17944 | Orc:1    | Entered Level 1 of the Orcish Mines
 18295 | Orc:2    | Entered Level 2 of the Orcish Mines
 18560 | Orc:2    | Found a roughly hewn altar of Beogh.
 18571 | Orc:2    | Found Veinulo's Antique Armour Emporium.
 18579 | Orc:2    | Bought an embroidered cloak for 225 gold pieces
 18802 | Orc:2    | Reached ****** piety under Yredelemnul
 18813 | Orc:2    | Found Pouxaf's Magic Scroll Shoppe.
 18819 | Orc:2    | Bought a scroll of enchant weapon for 97 gold pieces
 18819 | Orc:2    | Bought a scroll of blinking for 97 gold pieces
 18820 | Orc:2    | Bought a scroll of revelation for 97 gold pieces
 18820 | Orc:2    | Bought a scroll of revelation for 97 gold pieces
 18890 | Orc:2    | Noticed an orc warlord
 18910 | Orc:2    | Killed an orc warlord
 19104 | Orc:2    | Found a staircase to the Elven Halls.
 19337 | Orc:2    | Noticed an orc warlord
 19363 | Orc:2    | Killed an orc warlord
 19363 | Orc:2    | Charmed an orc warlord
 19368 | Orc:2    | Found a roughly hewn altar of Beogh.
 19390 | Orc:2    | Found Gaelouri's Assorted Antiques.
 19410 | Orc:2    | Bought a scroll of enchant weapon for 225 gold pieces
 19530 | Orc:2    | Found Jolacrio's General Store.
 19580 | Orc:2    | Acquired 771 gold pieces
 19856 | D:12     | Reached XP level 16. HP: 147/147 MP: 25/25
 19890 | D:12     | Identified the ring "Zemuw" {rN+ Int+6 Dex+3}
 19908 | D:12     | Reached skill level 15 in Fighting
 19981 | D:12     | Noticed a tengu reaver
 19988 | D:12     | Killed a tengu reaver
 20223 | D:12     | Found Yffocsem's Weapon Shop.
 20368 | D:12     | Noticed Rupert
 20381 | D:12     | Killed Rupert
 20672 | D:12     | Identified the +0 ring mail "Habic" {Harm Drain Dex+2
                  | Stlth+}
 21552 | D:14     | Noticed Snorg
 21556 | D:14     | Killed Snorg
 21577 | D:14     | Noticed Agnes
 21577 | D:14     | Noticed Frances
 21590 | D:14     | Noticed Jorgrun
 21791 | D:14     | Killed Jorgrun
 21808 | D:14     | Killed Frances
 21813 | D:14     | Killed Agnes
 22138 | D:14     | Reached XP level 17. HP: 102/159 MP: 15/27
 22169 | D:14     | Found a gate to the Vaults.
 22347 | D:15     | Entered Level 15 of the Dungeon
 22360 | D:15     | Found a transporter.
 22362 | D:15     | Found a transporter.
 22624 | D:15     | Found a staircase to the Depths.
 22683 | D:15     | Found an iron altar of Okawaru.
 22813 | D:15     | Noticed Kaerphakk's ghost (adept DjCj)
 22979 | D:15     | Found a bloodstained altar of Trog.
 23246 | Orc:2    | Bought a runed plate armour for 780 gold pieces
 23469 | Spider:1 | Entered Level 1 of the Spider Nest
 23867 | Spider:1 | Reached skill level 15 in Invocations
 23883 | Spider:1 | Reached skill level 15 in Armour
 24195 | Spider:1 | Identified the +4 falchion of Discomfort {heavy, rN+ Str+6
                  | Dex+4}
 24378 | Spider:1 | Identified the +1 war axe "Qigu" {drain, rElec rC- Dex+4}
 24654 | Spider:2 | Noticed Aizul
 24661 | Spider:2 | Killed Aizul
 24720 | Spider:2 | Reached XP level 18. HP: 107/171 MP: 1/30
 25474 | Spider:3 | Reached skill level 15 in Shields
 25855 | Spider:3 | Got a foxed book
 26317 | Spider:4 | Entered Level 4 of the Spider Nest
 26629 | Spider:4 | Got a gossamer rune of Zot
 27057 | Spider:4 | Found a runed translucent gate.
 27058 | Spider:4 | Found a runed translucent gate.
 27058 | Spider:4 | Found a runed translucent gate.
 27061 | Spider:4 | Noticed Humorgho's ghost (journeyman MiBe)
 27370 | Shoals:1 | Entered Level 1 of the Shoals
 27439 | Shoals:1 | Noticed Louise
 27445 | Abyss:2  | Cast into level 2 of the Abyss (Louise)
 28138 | Abyss:2  | Reached XP level 19. HP: 178/181 MP: 29/31
 28172 | Shoals:1 | Escaped the Abyss
 28340 | Lair:2   | Killed Louise
 28401 | Shoals:1 | Found a flickering gateway to a bazaar.
 28409 | Bazaar   | Entered a bazaar
 28409 | Bazaar   | Found Amoy's Magic Scroll Shop.
 28413 | Bazaar   | Found Waduit's Distillery.
 28416 | Bazaar   | Bought a scroll of blinking for 67 gold pieces
 28419 | Bazaar   | Found Jussock's Magic Scroll Shop.
 28422 | Bazaar   | Bought 2 potions of heal wounds for 130 gold pieces
 28422 | Bazaar   | Bought a potion of heal wounds for 65 gold pieces
 28426 | Bazaar   | Found Lowudysk's Antique Armour Emporium.
 28427 | Bazaar   | Bought a scroll of blinking for 97 gold pieces
 28449 | Bazaar   | Found Etahasir's Book Shop.
 28498 | Bazaar   | Bought a potion of curing for 39 gold pieces
 28498 | Bazaar   | Bought a potion of curing for 39 gold pieces
 28498 | Bazaar   | Bought a potion of might for 52 gold pieces
 28513 | Bazaar   | Bought a scroll of revelation for 97 gold pieces
 28513 | Bazaar   | Bought a scroll of teleportation for 39 gold pieces
 28513 | Bazaar   | Bought a scroll of teleportation for 39 gold pieces
 28513 | Bazaar   | Bought a scroll of teleportation for 39 gold pieces
 28513 | Bazaar   | Bought a scroll of fog for 52 gold pieces
 28532 | Bazaar   | Bought a scroll of teleportation for 27 gold pieces
 28532 | Bazaar   | Bought a scroll of teleportation for 27 gold pieces
 28532 | Bazaar   | Bought a scroll of teleportation for 27 gold pieces
 28532 | Bazaar   | Bought a scroll of fog for 36 gold pieces
 28719 | Shoals:1 | Noticed Nikola
 28736 | Shoals:1 | Killed Nikola
 29891 | Shoals:3 | Noticed Polyphemus
 29999 | Shoals:3 | Noticed Bai Suzhen
 30027 | Shoals:3 | Killed Bai Suzhen
 30183 | Shoals:3 | Killed Polyphemus
 30382 | Shoals:3 | Identified the staff "Wulo" {rC+ Int-2 Dex+4 Earth}
 30683 | Shoals:4 | Entered Level 4 of the Shoals
 30816 | Shoals:4 | Got a barnacled rune of Zot
 31034 | Shoals:4 | Reached XP level 20. HP: 148/193 MP: 26/33
 31800 | Vaults:1 | Entered Level 1 of the Vaults
 32031 | Vaults:1 | Noticed Donald
 32042 | Vaults:1 | Killed Donald
 32446 | Vaults:1 | Reached skill level 5 in Evocations
 32928 | Vaults:2 | Paralysed by a formless jellyfish for 1 turns
 33194 | Vaults:2 | Reached XP level 21. HP: 188/204 MP: 26/35
 33586 | Vaults:2 | Found a staircase to the Crypt.
 33889 | Vaults:2 | Found Haroesoq's Assorted Antiques.
 33897 | Vaults:2 | Bought a twisted plate armour for 1120 gold pieces
 33897 | Vaults:2 | Identified the +1 plate armour of Zesasi {Will+ Str+2} (You
                  | bought it in a shop on level 2 of the Vaults)
 34515 | Vaults:3 | Found a flickering gateway to a bazaar.
 34524 | Bazaar   | Entered a bazaar
 34545 | Bazaar   | Found Curim's Antique Weapon Emporium.
 34561 | Bazaar   | Found Geumuh's Armour Shoppe.
 34561 | Bazaar   | Found Xaotaeje's Weapon Emporium.
 34583 | Bazaar   | Found Sukluos's Magic Scroll Shoppe.
 34631 | Bazaar   | Bought the +1 pair of gloves "Tafrestant" {Drain rPois
                  | Str+7} for 417 gold pieces
 34656 | Bazaar   | Bought a scroll of blinking for 97 gold pieces
 35479 | Vaults:4 | Found a flickering gateway to a bazaar.
 35485 | Bazaar   | Entered a bazaar
 35485 | Bazaar   | Found Sosauph's Weapon Emporium.
 35485 | Bazaar   | Found Ilirph's General Store.
 35485 | Bazaar   | Found Boefuadgh's Magic Scroll Emporium.
 35485 | Bazaar   | Found Ruhaurhaor's Assorted Antiques.
 35485 | Bazaar   | Found Jatewn's Assorted Antiques.
 35722 | Vaults:4 | Reached XP level 22. HP: 141/215 MP: 20/36
 36179 | Vaults:4 | Identified the +1 leather armour of Badiezoq {rN+ Will+
                  | Int+3 Slay-2}
 36219 | Vaults:4 | Reached skill level 10 in Evocations
 36509 | Depths:1 | Entered Level 1 of the Depths
 36510 | Depths:1 | Found a gateway to Hell.
 36527 | Depths:1 | Gained mutation: Your magical capacity is low. (-10% MP) [a
                  | shining eye]
 36998 | Depths:1 | Found a radiant altar of Vehumet.
 37695 | Depths:2 | Found a one-way gate leading to the halls of Pandemonium.
 37835 | Depths:2 | Found a blossoming altar of Fedhas.
 37885 | Depths:2 | Found a corrupted altar of Lugonu.
 37885 | Depths:2 | Found a one-way gate to the infinite horrors of the Abyss.
 38182 | Depths:2 | Noticed a golden dragon
 38190 | Depths:2 | Noticed a golden dragon
 38207 | Depths:2 | Killed a golden dragon
 38209 | Depths:2 | Killed a golden dragon
 38597 | Depths:3 | Noticed a caustic shrike
 38603 | Depths:3 | Killed a caustic shrike
 38651 | Depths:3 | Noticed Norris
 38669 | Depths:3 | Killed Norris
 39069 | Depths:3 | Identified the +5 great sword "Kunuwk" {holy, rN+ Str+3}
 39475 | Depths:4 | Entered Level 4 of the Depths
 39486 | Depths:4 | Reached XP level 23. HP: 215/226 MP: 32/34
 39657 | Depths:4 | Noticed a caustic shrike
 39659 | Depths:4 | Noticed a caustic shrike
 39667 | Depths:4 | Killed a caustic shrike
 39673 | Depths:4 | Found a gate to the Realm of Zot.
 39681 | Depths:4 | Killed a caustic shrike
 39687 | Depths:4 | Noticed a caustic shrike
 39694 | Depths:4 | Killed a caustic shrike
 39996 | Depths:4 | Found a one-way gateway to a ziggurat.
 40560 | Vaults:5 | Entered Level 5 of the Vaults
 40571 | Vaults:5 | Noticed an ancient lich
 40586 | Vaults:5 | Killed an ancient lich
 40587 | Vaults:5 | Noticed a dread lich
 40600 | Vaults:5 | Noticed Sojobo
 40627 | Vaults:5 | Killed Sojobo
 40807 | Vaults:5 | Identified the +7 quarterstaff "Wiav" {elec, Int+4}
 40815 | Vaults:5 | Identified the ring of Powesm {Fly Will+ Str-3 Dex+6 SInv}
 40827 | Vaults:5 | Killed a dread lich
 40884 | Vaults:5 | Got a sooty book
 40926 | Vaults:5 | Identified the +4 quarterstaff of Dismemberment {pain, rN+
                  | Int-5 Dex+2}
 40962 | Vaults:5 | Reached XP level 24. HP: 134/235 MP: 23/35
 41076 | Vaults:5 | Found Wociq's General Store.
 41111 | Vaults:5 | Identified the +1 flail "Fish" {vamp, rElec rC- Dex+3
                  | Stlth+}
 41343 | Vaults:5 | Got a silver rune of Zot
 41372 | Vaults:5 | Noticed an ancient lich
 41386 | Vaults:5 | Killed an ancient lich
 41409 | Vaults:5 | Identified the +2 scale mail "Javautru" {*Corrode +Inv
                  | Int+7}
 41504 | Vaults:5 | Identified the +2 short sword "Ynnead" {flame, Str+6 Int-3
                  | Dex+5}
 41517 | Vaults:5 | Identified the +0 scale mail "Akuschit" {Harm Drain rPois
                  | rN++}
 41808 | Vaults:5 | Identified the +1 chain mail of the Evening Star {rCorr
                  | MP-9 Int+2 Stlth+}
 42186 | Zot:1    | Entered Level 1 of the Realm of Zot
 42731 | Zot:1    | Noticed an orb of fire
 42740 | Zot:1    | Gained mutation: Armour fits poorly on your strangely
                  | shaped body. [an orb of fire]
 42742 | Zot:1    | Gained mutation: You occasionally lose the ability to drink
                  | potions when taking damage. [an orb of fire]
 42743 | Zot:1    | Killed an orb of fire
 43415 | Zot:1    | Lost mutation: Armour fits poorly on your strangely shaped
                  | body. [potion of mutation]
 43415 | Zot:1    | Lost mutation: Your magical capacity is low. (-10% MP)
                  | [potion of mutation]
 43415 | Zot:1    | Gained mutation: You have an increased reservoir of magic.
                  | (+10% MP) [potion of mutation]
 43415 | Zot:1    | Gained mutation: You are dopey. (Int -2) [potion of
                  | mutation]
 43415 | Zot:1    | Gained mutation: You are vulnerable to cold. (rC-) [potion
                  | of mutation]
 43415 | Zot:1    | Gained mutation: You passively map a small area around you.
                  | [potion of mutation]
 43416 | Zot:1    | Lost mutation: You have an increased reservoir of magic.
                  | (+10% MP) [potion of mutation]
 43416 | Zot:1    | Lost mutation: You are vulnerable to cold. (rC-) [potion of
                  | mutation]
 43416 | Zot:1    | Gained mutation: You expend magic power (3 MP) to
                  | strengthen your wands. [potion of mutation]
 43416 | Zot:1    | Gained mutation: You have supernaturally acute eyesight.
                  | (SInv) [potion of mutation]
 43417 | Zot:1    | Lost mutation: You occasionally lose the ability to drink
                  | potions when taking damage. [potion of mutation]
 43417 | Zot:1    | Lost mutation: You passively map a small area around you.
                  | [potion of mutation]
 43417 | Zot:1    | Gained mutation: Your body sometimes deteriorates upon
                  | taking damage. [potion of mutation]
 44583 | Zot:2    | Reached XP level 25. HP: 216/250 MP: 39/39
 44915 | Zot:3    | Noticed an orb of fire
 45430 | Zot:3    | Gained mutation: Your body often deteriorates upon taking
                  | damage. [an orb of fire]
 45432 | Zot:3    | Killed an orb of fire
 46126 | Zot:4    | Noticed an orb of fire
 46143 | Zot:3    | Killed an orb of fire
 46476 | Zot:4    | Noticed a Killer Klown
 46626 | Zot:3    | Killed a Killer Klown
 46802 | Zot:4    | Identified the +6 great sword of Ydipeiwes {heavy, Str+3}
 48695 | Zot:5    | Entered Level 5 of the Realm of Zot
 49206 | Zot:5    | Reached XP level 26. HP: 264/264 MP: 40/40
 49243 | Zot:5    | Noticed an ancient lich
 49256 | Zot:5    | Noticed a Killer Klown
 49257 | Zot:5    | Killed an ancient lich
 49258 | Zot:5    | Reached skill level 27 in Invocations
 49258 | Zot:5    | Noticed a Killer Klown
 49281 | Zot:5    | Noticed a Killer Klown
 49291 | Zot:5    | Killed a Killer Klown
 49305 | Zot:5    | Killed a Killer Klown
 49307 | Zot:5    | Killed a Killer Klown
 49324 | Zot:5    | Noticed a Killer Klown
 49332 | Zot:5    | Killed a Killer Klown
 49347 | Zot:5    | Noticed an orb of fire
 49350 | Zot:5    | Noticed a Killer Klown
 49355 | Zot:5    | Killed an orb of fire
 49364 | Zot:5    | Noticed a dread lich
 49370 | Zot:5    | Reached skill level 27 in Fighting
 49538 | Zot:5    | Killed a dread lich
 49546 | Zot:5    | Killed a Killer Klown
 50500 | Zot:5    | Noticed a Killer Klown
 50697 | Zot:5    | Noticed a Killer Klown
 50727 | Zot:5    | Noticed an orb of fire
 50853 | Zot:5    | Gained mutation: You are vulnerable to cold. (rC-) [an orb
                  | of fire]
 50864 | Zot:4    | Gained mutation: You are frail. (-10% HP) [an orb of fire]
 50875 | Zot:4    | Gained mutation: You occasionally shout uncontrollably at
                  | your foes. [an orb of fire]
 50880 | Zot:4    | Killed an orb of fire
 50923 | Zot:4    | Lost mutation: You expend magic power (3 MP) to strengthen
                  | your wands. [potion of mutation]
 50923 | Zot:4    | Lost mutation: You are frail. (-10% HP) [potion of
                  | mutation]
 50923 | Zot:4    | Gained mutation: You have a pair of small horns on your
                  | head. [potion of mutation]
 50923 | Zot:4    | Gained mutation: You have sharp toenails. [potion of
                  | mutation]
 50924 | Zot:4    | Lost mutation: You occasionally shout uncontrollably at
                  | your foes. [potion of mutation]
 50924 | Zot:4    | Lost mutation: You are vulnerable to cold. (rC-) [potion of
                  | mutation]
 50924 | Zot:4    | Gained mutation: Your flesh is heat resistant. (rF+)
                  | [potion of mutation]
 51010 | Zot:4    | Killed a Killer Klown
 51081 | Zot:5    | Killed a Killer Klown
 51130 | Zot:5    | Noticed a Killer Klown
 51151 | Zot:5    | Killed a Killer Klown
 51196 | Zot:5    | Got the Orb of Zot
 51624 | D:7      | Gained mutation: You are weak. (Str -2) [a neqoxec]
 51770 | D:1      | gg
 51771 | D:$      | Escaped with the Orb!

Illustrated notes

........###....#.###...###.#.....
....###.##..####.#..n....#.######
....# #.>..## #.#.⌠.#.⌠.#.# ....#
##.### #.....#.....# ....# #.#
#....###....# ....# #.#
####..#..#### ....# #.#
#..'..)..'..# ....# #.#
#..###'###..# ....# #.#
#@.#.....#..# ....# #.#
############# ....# #.# ....# #.#
....# #.# ....# #.# ###########
##### #.# #.......... #.#
#.######### #.# #.#


Turn 51770 on D:1: gg

Levels and vault maps discovered:
D:1:      dpeg_arrival_court, layout_basic,
          shapermc_ecumenical_altar_starsandcircs, serial_bayou_lagoon_a
D:2:      layout_basic, basic_altar, minmay_cut_off
D:3:      layout_loops_ring, old_standard_altar, serial_bayou,
          serial_bayou_pond_c, serial_bayou_lake_a, serial_bayou_pond_d,
          serial_bayou_shore_b, dk_vineyard_2, chequers_serial_rivers_micro_c,
          kennysheep_generic_room_6, uniq_terence
D:4:      layout_basic, general_overflow_altar, minmay_temple_entry_stoned_glass
D:5:      layout_loops_corners, chequers_temple_overflow_statue_of_worship
D:6:      layout_cave_pools, mainiacjoe_overflow_chevrons, minmay_puff
D:7:      layout_loops_ring, uniq_prince_ribbit1
D:8:      layout_loops_corners, david_lair_generic, enter_bailey_3,
          minivault_25, nrook_loot_triangle
D:9:      layout_basic, hex_tiny, minmay_radiant, uniq_maggie, uniq_maurice
D:10:     layout_basic, orc_0_dummy, uniq_harold
D:11:     layout_irregular_city, doesnt_xom_only_xom, uniq_josephine,
          uniq_fannar
D:12:     evilmike_diamond_1, layout_loops_ring, serial_shops,
          nicolae_shop_bloodbath_and_beyond, uniq_rupert
D:13:     layout_basic
D:14:     layout_rooms, grunt_vaults_entry_fortified, grunt_decor_arrowhead,
          uniq_agnes, uniq_frances, uniq_snorg, uniq_jorgrun
D:15:     grunt_enter_depths_hoard, layout_irregular_city,
          gammafunk_ghost_wrathful_warriors, okawaru_metal_pillars_1_2
Temple:   minmay_temple_bridge_d
Lair:1:   layout_regular_city, grunt_megastairs_2
Lair:2:   layout_roguey, elwin_shoals_entry_rooms, grunt_megastairs_1,
          uniq_sonja
Lair:3:   layout_layer_cave, nicolae_spider_entry_tight_spaces,
          gauntlet_entry_generic, gammafunk_ghost_hydra_chop,
          chequers_serial_rivers_room_b, st_stairs_4,
          chequers_serial_rivers_micro_d
Lair:4:   layout_regular_city
Lair:5:   gammafunk_lair_ancient_temple, layout_regular_city,
          dpeg_slime_entry_enclosed, gammafunk_ghost_split, uniq_nessos
Shoals:1: layout_shoals, serial_shops, bzr_entry_gold, uniq_louise, uniq_nikola
Shoals:2: layout_shoals
Shoals:3: layout_shoals, nicolae_shoals_water_booths, uniq_polyphemus,
          uniq_bai_suzhen
Shoals:4: shoals_end_grunt_ice, layout_shoals,
          nicolae_shoals_arrival_archipelago
Spider:1: layout_spider_delve, hellmonk_spider_spawner
Spider:2: layout_spider_delve, uniq_aizul
Spider:3: layout_cave_pods, einodemon_crawler_minivault
Spider:4: hellmonk_spider_rune_endless_swarm, ebering_ghost_rock_garden,
          nicolae_spider_spiderdrome
Orc:1:    layout_caves
Orc:2:    pubby_orc_utopia
Vaults:1: nicolae_vaults_ellipses_ellipsis, nicolae_vaults_double_plus_3,
          nicolae_vaults_puzzle_piece, nicolae_vaults_ring_of_whatevers,
          hangedman_vaults_slice, ontoclasm_vaults_idyll, grunt_vaults_diagonal,
          v_misc_16, nicolae_vaults_sightless_eye,
          nicolae_vaults_little_squares_5, layout_vaults_omnicross, uniq_donald
Vaults:2: hangedman_vaults_slice, dpeg_vaults_pockets_of_resistance,
          nicolae_vaults_double_plus_3, minmay_crypt_entry_skeletal_spiral,
          v_misc_29, nicolae_vaults_storage_closets_2, vaults_mumra_hexcomb,
          vaults_dpeg_encased_lava, vaults_dpeg_diagonal,
          dpeg_vaults_monster_box, nicolae_vaults_trapezoid_lopsided_1,
          layout_vaults_omnigrid, serial_shops, shop
Vaults:3: nicolae_vaults_surprise_closet_hard, nicolae_vaults_network_barrier,
          v_alt_pattern_2, nicolae_vaults_apartment_1,
          nicolae_vaults_mini_display_case, hangedman_vaults_slice,
          nicolae_vaults_hexular_roomagon, nicolae_vaults_trapezoid_lopsided_3,
          vaults_room_large_hall, nicolae_vaults_surprise_closet,
          layout_vaults_big_room, serial_shops, bzr_firewalk
Vaults:4: v_rooms_5, grunt_vaults_focal, nicolae_vaults_storage_room_water,
          nicolae_vaults_heist, nicolae_vaults_surprise_closet,
          nicolae_vaults_triangles, dpeg_vaults_waves,
          nicolae_vaults_storage_room_glass, ontoclasm_vaults_claustrophobia,
          hangedman_vaults_maws, v_pattern_2, vaults_dpeg_ring,
          nicolae_vaults_offset_grid_hallway_2, layout_vaults_omnibox,
          serial_shops, bzr_entry_road
Vaults:5: uniq_sojobo
Depths:1: layout_honeycomb, kennysheep_decorative_pillar,
          nicolae_hell_entry_hellmouth_sunbeams, nicolae_vehumet_altar_sigil
Depths:2: minmay_split_circle, layout_basic, pf_coc_iceberg,
          abyss_entry_flame_altar, pan_entry, lemuel_statue_altar,
          uniq_josephina
Depths:3: minmay_mutant_horseshoe, layout_gridlike, hell_entry,
          abyss_entry_crystal, kennysheep_cross_bottleneck, patterned_corridor,
          infiniplex_staircase_pool_2, uniq_norris
Depths:4: evilmike_zot_entry_basic, layout_cross, enter_ziggurat_a, hell_entry
Zot:1:    evilmike_crystal_ball_defense, layout_onion_interference,
          grunt_ministairs_10
Zot:2:    layout_basic
Zot:3:    layout_gridlike, st_stairs_3
Zot:4:    layout_cathedral_of_symmetry, lemuel_baited_zot_trap
Zot:5:    layout_cathedral_of_symmetry

Skill      XL: |  1  2  3  4  5  6  7  8  9 10 11 12 13 14 15 16 17 18 19 20 21 22 23 24 25 26 |
---------------+-------------------------------------------------------------------------------+-----
Fighting       | 2 3 4 6 7 10 12 13 14 16 17 18 19 21 22 23 24 25 26 27 | 27.0
Polearms       | 1 3 4 5 6 8 9 |  9.4
Invocations    | 1 3 4 6 7 10 11 12 14 16 17 19 20 21 22 24 25 26 27 | 27.0
Armour         | 3 4 7 8 10 11 13 14 15 16 18 19 20 21 23 24 26 | 26.3
Evocations     | 4 7 9 11 13 14 | 14.0
Axes           | 8 13 14 17 | 17.2
Shields        | 9 12 13 14 16 17 | 17.3
Dodging        | |  0.7
Stealth        | |  0.7

Action                     |  1- 3 |  4- 6 |  7- 9 | 10-12 | 13-15 | 16-18 | 19-21 | 22-24 | 25-27 || total
---------------------------+-------+-------+-------+-------+-------+-------+-------+-------+-------++-------
  Melee: Whip              |    51 |       |       |       |       |       |       |       |       ||    51
         Spear             |    86 |   138 |   303 |   135 |       |       |       |       |       ||   662
         Punch             |     1 |     1 |     3 |     9 |     2 |     1 |       |       |       ||    17
         Trident           |       |       |    54 |       |       |       |       |       |       ||    54
         Broad axe         |       |       |       |   164 |   749 |   804 |  1021 |   947 |   863 ||  4548
         War axe           |       |       |       |   130 |       |       |       |       |       ||   130
         Headbutt          |       |       |       |       |       |       |       |       |    19 ||    19
  Throw: Dart              |       |       |       |       |       |       |     3 |       |       ||     3
         Throwing net      |       |       |       |       |       |       |     1 |       |       ||     1
 Invoke: Dark Bargain      |       |       |     2 |    12 |    49 |    47 |    36 |    27 |    10 ||   183
         Recall Undead Har |       |       |     1 |       |     2 |    10 |    11 |    12 |     2 ||    38
         Bind Soul         |       |       |       |       |     2 |       |     1 |     4 |     2 ||     9
         Drain Life        |       |       |       |       |     1 |     5 |     5 |     5 |       ||    16
         Stop Recall       |       |       |       |       |       |     1 |       |       |       ||     1
  Evoke: Wand              |     4 |       |     2 |     9 |     1 |       |     1 |     1 |     7 ||    25
         Condenser vane    |       |       |       |       |       |     1 |     1 |       |       ||     2
         Phantom mirror    |       |       |       |       |       |       |       |       |     1 ||     1
    Use: Potion            |       |     1 |       |     4 |     7 |     3 |     3 |    14 |    20 ||    52
         Scroll            |       |       |    14 |    10 |    12 |     4 |     6 |     7 |    17 ||    70
   Stab: Distracted        |       |       |     2 |     3 |     5 |    15 |    17 |    23 |     8 ||    73
         Paralysed         |       |       |       |       |       |     2 |       |       |       ||     2
         Fleeing           |       |       |       |       |       |     2 |       |       |       ||     2
         Confused          |       |       |       |       |       |     1 |       |       |       ||     1
         Petrified         |       |       |       |       |       |       |     2 |       |       ||     2
 Armour: Leather armour    |    80 |       |       |       |       |       |       |       |       ||    80
         Scale mail        |     4 |    61 |    96 |       |       |       |       |       |       ||   161
         Chain mail        |       |       |    58 |       |       |       |       |       |       ||    58
         Plate armour      |       |       |    49 |   445 |   461 |   579 |   648 |   612 |   690 ||  3484
         Skin              |       |       |       |       |    27 |       |       |       |       ||    27
  Dodge: Dodged            |    77 |    37 |    85 |   103 |    89 |   116 |   110 |   137 |   193 ||   947
  Block: Kite shield       |       |       |       |       |   302 |   975 |  1260 |  1062 |   618 ||  4217
         Tower shield      |       |       |       |       |       |       |       |       |   221 ||   221

Table legend: (Time is in decaauts)
 A = Elapsed time spent in this place.
 B = Non-inter-level travel time spent in this place.
 C = Inter-level travel time spent in this place.
 D = Time resting spent in this place.
 E = Time spent auto-exploring this place.
 F = Levels seen in this place.
 G = Mean time per level.
                   A        B        C        D        E       F      G
               +--------+--------+--------+--------+--------+-----+--------+
         Total |  51341 |  46226 |   5115 |   7344 |  25566 |  51 | 1006.7 |
       Dungeon |  15888 |  13659 |   2229 |   1996 |   8114 |  15 | 1059.2 |
        Temple |    153 |     11 |    142 |      0 |      0 |   1 |  153.0 |
          Lair |   5744 |   5314 |    430 |    806 |   3379 |   5 | 1148.8 |
        Shoals |   3220 |   3055 |    165 |    126 |   2028 |   4 |  805.0 |
   Spider Nest |   3405 |   3238 |    167 |    304 |   2100 |   4 |  851.2 |
  Orcish Mines |   1799 |   1671 |    128 |    122 |    929 |   2 |  899.5 |
        Vaults |   5957 |   5228 |    729 |    147 |   3380 |   5 | 1191.4 |
        Depths |   4633 |   4092 |    541 |    658 |   2590 |   4 | 1158.2 |
           Zot |   8252 |   7671 |    581 |   2367 |   2655 |   5 | 1650.4 |
         Abyss |    703 |    703 |      0 |    317 |     88 |   1 |  703.0 |
        Bazaar |    314 |    314 |      0 |      0 |    144 |   3 |  104.7 |
        Bailey |    700 |    700 |      0 |    320 |     67 |   1 |  700.0 |
      Gauntlet |    567 |    567 |      0 |    181 |     90 |   1 |  567.0 |
               +--------+--------+--------+--------+--------+-----+--------+

Top non-repeatable levels by time:
   Zot:3: 2546 daAuts
   Zot:4: 2163 daAuts
  Lair:3: 2098 daAuts
     D:9: 1808 daAuts
     D:8: 1595 daAuts
   Zot:2: 1497 daAuts
   Orc:2: 1433 daAuts
Depths:3: 1413 daAuts
Vaults:5: 1402 daAuts
Vaults:2: 1392 daAuts
    D:11: 1284 daAuts
Depths:2: 1226 daAuts
  Lair:2: 1203 daAuts
     D:4: 1199 daAuts
     D:5: 1190 daAuts
